 Dungeon Crawl Stone Soup version 0.25-a0-290-g4a1327ee3a (webtiles) character file.

Game seed: 4880897584753295709, levelgen mode: classic

1033 Borgoz the Cutter (level 8, -5/76 HPs)
             Began as a Kobold Fighter on Dec 15, 2019.
             Was a Follower of Ashenzari.
             Slain by an orc warrior
             ... wielding a +0 halberd
              (18 damage)
             ... on level 6 of the Dungeon.
             The game lasted 00:06:37 (5158 turns).

Borgoz the Cutter (Kobold Fighter)                  Turns: 5158, Time: 00:06:38

Health: -5/76      AC:  8    Str: 20    XL:     8   Next: 48%
Magic:  8/8        EV: 12    Int: 10    God:    Ashenzari [*.....]
Gold:   239        SH: 12    Dex: 14    Spells: 7/7 levels left

rFire    . . .     SeeInvis .   a - +0 rapier (curse)
rCold    . . .     Gourm    .   c - +0 shield
rNeg     . . .     Faith    .   b - +0 scale mail (curse)
rPois    .         Spirit   .   (no helmet)
rElec    .         Reflect  +   (no cloak)
rCorr    .         Harm     .   (no gloves)
MR       .....                  p - +0 pair of boots
Stlth    ..........             n - +2 amulet of reflection
HPRegen  0.22/turn              (no ring)
MPRegen  0.11/turn              (no ring)

@: mighty, berserking, lethally poisoned (-5 -> -6), very quick
A: small, carnivore
a: Curse Item, Scrying, Renounce Religion


You were on level 6 of the Dungeon.
You worshipped Ashenzari.
Ashenzari was aware of your devotion.
You were very full.

You visited 2 branches of the dungeon, and saw 7 of its levels.

You collected 239 gold pieces.

Inventory:

Hand Weapons
 a - a cursed +0 rapier (weapon)
Armour
 b - a cursed +0 scale mail (worn)
 c - a +0 shield (worn)
 e - a +0 leather armour of cold resistance
 p - a +0 pair of boots (worn)
 w - the +3 chain mail of the Earth {rCorr Int+4 Dex+2}
   (You found it on level 4 of the Dungeon)

   It affects your intelligence (+4).
   It affects your dexterity (+2).
   It provides partial protection from all sources of acid and corrosion.
Jewellery
 h - an uncursed amulet of rage
 n - a +2 amulet of reflection (around neck)
Wands
 r - a wand of disintegration (13)
 v - a wand of iceblast (6)
Scrolls
 k - 2 scrolls of identify
 l - 2 scrolls of enchant armour {unknown}
 m - a scroll of amnesia {unknown}
 o - a scroll of random uselessness {unknown}
 q - 4 scrolls of teleportation {unknown}
 s - a scroll of fog
 t - a scroll of fear
Potions
 d - a potion of might
 g - 2 potions of lignification
 i - 2 potions of flight
 j - a potion of cancellation
 x - a potion of mutation
 z - a potion of magic
Comestibles
 f - 9 rations


   Skills:
 * Level 5.7 Fighting
 * Level 6.3 Short Blades
 * Level 4.4 Armour
 * Level 5.0 Dodging
 + Level 0.0 Stealth
 + Level 3.4 Shields
 + Level 0.0 Evocations


You had 7 spell levels left.
You didn't know any spells.
Your spell library was empty.

Dungeon Overview and Level Annotations

Branches:
Dungeon (6/15)             Temple (1/1) D:5

Altars:
Ashenzari
Cheibriados
Elyvilon
Fedhas
Hepliaklqana
Kikubaaqudgha
Makhleb
Nemelex Xobeh
Okawaru
Qazlal
Ru
Sif Muna
Trog
Uskayaw
Vehumet
Wu Jian
Xom
Yredelemnul
The Shining One


Innate Abilities, Weirdness & Mutations

You are small and have problems with some larger weapons.
You are carnivorous and can eat meat at any time.


Message History

The adder misses you.
You miss the adder.
The adder is moderately wounded.
You block the orc warrior's attack. The adder closely misses you.
You puncture the adder!
You kill the adder!
You feel sick.
A sky beast comes into view.
You block the orc warrior's attack.
You hit the orc warrior.
The orc warrior is lightly wounded.
You puncture the orc warrior!
The orc warrior is severely wounded.
You block the orc warrior's attack.
You hit the orc warrior but do no damage.
The orc warrior is severely wounded.
Your scale mail prevents you from hitting the orc warrior.
The orc warrior is severely wounded.
The orc warrior hits you with a +0 halberd!!
You die...

#...# #... #...# #... #...#
#... #...# #... #...# #...
########## #...# #...
.........# #...# #...
.?.......#########...####..(
..>.....o{o@................
........o#####.......#######
......Y..# #.......#
......(oS# #.......#
.........# #########
.........# ......(..#
.........# ..........


You could see an orc warrior, a sky beast and 2 orcs.

Vanquished Creatures
  Duvessa (D:4)
  An ice beast (D:6)
  A centaur (D:5)
  An ogre (D:3)
  Dowan (D:4)
  A scorpion (D:4)
  A howler monkey (D:5)
  2 crimson imps (D:3)
  A gnoll shaman (D:5)
  A bullfrog skeleton (D:5)
  A hound (D:5)
  An orc wizard (D:4)
  4 worker ants
  3 gnolls (D:5)
  12 adders
  A shadow imp (D:3)
  An ooze (D:3)
  An adder zombie (D:5)
  2 dart slugs (D:1)
  A worm (D:3)
  6 leopard geckos
  9 orcs
  3 ball pythons
  A giant cockroach (D:1)
  10 goblins
  10 hobgoblins
  12 jackals
  6 kobolds
  3 quokkas (D:4)
  2 bats (D:3)
  4 frilled lizards
  2 quokka skeletons (D:4)
  8 rats
114 creatures vanquished.

Vanquished Creatures (others)
  A jackal (D:3)
1 creature vanquished.

Grand Total: 115 creatures vanquished

Notes
Turn   | Place    | Note
-------+----------+-------------------------------------------
     0 | D:1      | Borgoz the Kobold Fighter began the quest for the Orb.
     0 | D:1      | Reached XP level 1. HP: 14/14 MP: 1/1
   145 | D:1      | Reached XP level 2. HP: 17/19 MP: 2/2
   173 | D:1      | Reached skill level 3 in Short Blades
   173 | D:1      | Reached skill level 1 in Dodging
   479 | D:1      | Reached XP level 3. HP: 23/23 MP: 3/3
   768 | D:2      | Found a sacrificial altar of Ru.
   768 | D:2      | Found a bloodstained altar of Trog.
   774 | D:2      | Found a radiant altar of Vehumet.
   774 | D:2      | Found a stormy altar of Qazlal.
  1257 | D:2      | Found a burning altar of Makhleb.
  1343 | D:2      | Reached XP level 4. HP: 29/29 MP: 4/4
  1629 | D:3      | Found a shattered altar of Ashenzari.
  1664 | D:3      | Became a worshipper of Ashenzari the Shackled
  1825 | D:3      | Found a faded altar of an unknown god.
  1830 | D:3      | Reached XP level 5. HP: 32/33 MP: 5/5
  1951 | D:3      | HP: 1/33 [orc/+0 flail (6)]
  1952 | D:3      | Reached skill level 4 in Short Blades
  1953 | D:3      | Found a basalt altar of Yredelemnul.
  2253 | D:3      | Found a white marble altar of Elyvilon.
  2591 | D:3      | Noticed an ogre
  2605 | D:3      | Killed an ogre
  2605 | D:3      | Reached XP level 6. HP: 35/39 MP: 6/6
  2697 | D:3      | Found a shimmering altar of Xom.
  3036 | D:4      | Identified the +3 chain mail of the Earth {rCorr Int+4
                  | Dex+2}
  3036 | D:4      | Reached * piety under Ashenzari
  3073 | D:4      | Noticed Dowan
  3075 | D:4      | Noticed Duvessa
  3087 | D:4      | Killed Duvessa
  3087 | D:4      | Reached skill level 5 in Short Blades
  3087 | D:4      | Reached XP level 7. HP: 23/44 MP: 7/7
  3091 | D:4      | Killed Dowan
  3290 | D:4      | Reached skill level 5 in Fighting
  3657 | D:4      | Found a sacrificial altar of Ru.
  3822 | D:5      | Entered Level 5 of the Dungeon
  4120 | D:5      | Reached XP level 8. HP: 47/49 MP: 8/8
  4261 | D:5      | Reached skill level 6 in Short Blades
  4276 | D:5      | Found a staircase to the Ecumenical Temple.
  4322 | Temple   | Entered the Ecumenical Temple
  4821 | D:5      | Found an ornate altar of the Wu Jian Council.
  4960 | D:6      | Reached skill level 5 in Dodging
  5158 | D:6      | Slain by an orc warrior

Levels and vault maps discovered:
D:1:      evilmike_arrival_crescent, layout_basic
D:2:      layout_loops_ring, marbit_many_paths, grunt_temple_overflow_open,
          first_ration, kennysheep_decorative_pillar
D:3:      layout_loops_ring, yredelemnul_altar_generic,
          nicolae_overflow_crystal_walls, led_xom_imps,
          chequers_ecumenical_altar_island, elyvilon_altar_3
D:4:      layout_gridville, chequers_arboretum, kennysheep_flooded_box,
          corexii_shack, uniq_duvessa
D:5:      layout_cave_pools, lemuel_coloured_pillars_altar,
          minmay_temple_entry_glassed_door
D:6:      layout_basic
Temple:   compressed_dpeg_circular_temple

Skill      XL: |  1  2  3  4  5  6  7  8 |
---------------+-------------------------+-----
Short Blades   | 3 4 5 6 |  6.3
Dodging        | 1 2 3 4 5 |  5.0
Fighting       | 4 5 |  5.7
Armour         | 3 4 |  4.4
Shields        | 3 |  3.4

Action                   |  1- 3 |  4- 6 |  7- 9 || total
-------------------------+-------+-------+-------++-------
Melee: Rapier            |    89 |   219 |   197 ||   505
Invok: Curse Item        |       |     2 |       ||     2
Evoke: Wand              |       |       |     4 ||     4
  Use: Scroll            |       |     5 |     5 ||    10
       Potion            |       |     1 |     4 ||     5
  Eat: Chunk             |    10 |     6 |     5 ||    21
Armor: Scale mail        |    28 |    47 |    46 ||   121
Dodge: Dodged            |    23 |    65 |    74 ||   162
Block: Shield            |    39 |   107 |    95 ||   241
       Reflection        |       |     1 |     1 ||     2

Table legend:
 A = Non-vault XP
 B = Vault XP
 C = Vault XP percentage of total XP
 D = Non-vault monster count
 E = Vault monster count
 F = Vault count percentage of total count
                 A         B        C        D         E       F
            +---------+---------+-------+---------+---------+-------
      Total |    1164 |     313 |  21.2 |     109 |       5 |   4.4
            +---------+---------+-------+---------+---------+-------
        D:1 |      39 |       0 |   0.0 |      20 |       0 |   0.0
        D:2 |      32 |       2 |   5.9 |      12 |       1 |   7.7
        D:3 |     265 |      98 |  27.0 |      41 |       2 |   4.7
        D:4 |     206 |     213 |  50.8 |      13 |       2 |  13.3
        D:5 |     409 |       0 |   0.0 |      18 |       0 |   0.0
        D:6 |     213 |       0 |   0.0 |       5 |       0 |   0.0
            +---------+---------+-------+---------+---------+-------
